 Dungeon Crawl Stone Soup version 0.27.1-34-g3ba077fa99 (webtiles) character file.

Game seed: 8882694014992895482

441855 DildoBatman the Metallomancer (level 25, -5/184 HPs)
             Began as a Formicid Conjurer on Jan 18, 2022.
             Was an Initiate of Gozag.
             Killed from afar by DildoBatman's illusion (illusionary) (73 damage)
             ... with an iron shot
             ... woven by Mara
             ... on level 3 of the Crypt on Jan 19, 2022.
             The game lasted 03:20:44 (48376 turns).

DildoBatman the Metallomancer (Formicid Conjurer)  Turns: 48376, Time: 03:20:45

Health: -5/184     AC: 30    Str: 10    XL:     25   Next: 30%
Magic:  46/46      EV: 18    Int: 22    God:    Gozag
Gold:   11583      SH: 19    Dex: 29    Spells: 8/47 levels left

rFire    + . .     SeeInvis +   a - +8 glaive of the Guard {elec, spectral, AC+5}
rCold    + . .     Faith    .   f - +0 tower shield
rNeg     + + +     Spirit   .   o - +4 troll leather armour
rPois    ∞         Reflect  .   (helmet unavailable)
rElec    +         Harm     .   R - +2 cloak {rCorr}
rCorr    +         Rampage  .   j - +2 pair of gloves of Day {rElec rF+ Str-2}
Will     +++..                  K - +1 pair of boots {Stlth+}
Stlth    ++++......             (no amulet)
HPRegen  1.40/turn              x - +6 ring of dexterity
MPRegen  0.30/turn              l - +6 ring of dexterity

@: lich-form (expiring), studying 2 skills
A: draining attack, torment immunity, no potions, permanent stasis, dig shafts
and tunnels, antennae 3, four strong arms, talons 1, high mp 2
}: 2/15 runes: serpentine, barnacled
a: Dig, Shaft Self, End Transformation, Renounce Religion, Potion Petition, Call
Merchant, Bribe Branch


You were on level 3 of the Crypt.
You worshipped Gozag.
Gozag was extremely pleased with you.
You were an undead lich.
You visited 9 branches of the dungeon, and saw 42 of its levels.
You visited the Abyss 1 time.
You visited 1 bazaar.
You also visited: Gauntlet and Ice Cave.

You collected 16591 gold pieces.
You spent 4466 gold pieces at shops.
You paid 542 gold pieces to Gozag.

Inventory:

Hand Weapons
 a - the +8 glaive of the Guard (weapon) {elec, spectral, AC+5}
   (You found it in an ice cave)

   It occasionally discharges a powerful burst of electricity upon striking a
   foe.
   When it strikes, its spirit leaps out and fights alongside the wielder.
   AC:        It affects your AC (+5).
 b - the +7 arbalest of Courage {penet, rPois Will+ Str+2 Stlth+}
   (You bought it in a shop on level 10 of the Dungeon)

   Any ammunition fired by it passes through the targets it hits, potentially
   hitting all targets in its path until it reaches maximum range.
   Str:       It affects your strength (+2).
   rPois:     It protects you from poison.
   Will:      It increases your willpower.
   Stlth:     It makes you more stealthy.
 T - the +5 demon whip "Spellbinder" {antimagic, Will+}
   (You took it off a deep elf high priest on level 3 of the Elven Halls)

   It reduces the magical energy of the wielder, and disrupts the spells and
   magical abilities of those it strikes.
   Natural abilities and divine invocations are not affected.
   It unleashes wild and unpredictable magical effects upon striking a wizard or
   a creature with magical abilities.
   Will:      It increases your willpower.
 V - the +2 spear "DildoBatman's Regret" {speed, rF+}
   (You found it on level 3 of the Elven Halls)

   Attacks with this weapon are significantly faster.
   rF:        It protects you from fire.
Missiles
 c - 1391 arrows
 d - 67 silver javelins (quivered)
 g - 1223 bolts
 n - 8 throwing nets
 t - 342 sling bullets
Armour
 f - a +0 tower shield (worn)
 j - the +2 pair of gloves of Day (worn) {rElec rF+ Str-2}
   (You found it in a Gauntlet)

   Str:       It affects your strength (-2).
   rF:        It protects you from fire.
   rElec:     It insulates you from electricity.
 o - a +4 troll leather armour (worn)
 K - a +1 pair of boots of stealth (worn)
 R - a +2 cloak of preservation (worn)
 U - the +5 robe of Misfortune {Contam Harm *Corrode Drain *Slow EV+5}
   (You took it off a deep elf annihilator on level 3 of the Elven Halls)

   EV:        It affects your evasion (+5).
   Contam:    It causes magical contamination when unequipped.
   *Corrode:  It may corrode you when you take damage.
   Drain:     It drains your maximum health when unequipped.
   *Slow:     It may slow you when you take damage.
   Harm:      It increases damage dealt and taken.
Jewellery
 h - the ring of Contentment {Wiz Will+ Str+3 Stlth-}
   (You took it off a deep elf high priest on level 3 of the Elven Halls)

   [ring of wizardry]

   It improves your spell success rate.
   Str:       It affects your strength (+3).
   Will:      It increases your willpower.
   Stlth:     It makes you less stealthy.
 l - a +6 ring of dexterity (right hand)
 x - a +6 ring of dexterity (left hand)
 S - the ring of Eghecyo {*Corrode rF+++ Str+4 Int+6 Slay-4}
   (You found it on level 4 of the Shoals)

   [ring of intelligence]

   Str:       It affects your strength (+4).
   Int:       It affects your intelligence (+6).
   Slay:      It affects your accuracy & damage with ranged weapons and melee
   (-4).
   rF:        It renders you almost immune to fire.
   *Corrode:  It may corrode you when you take damage.
Wands
 w - a wand of iceblast (63)
 Q - a wand of acid (33)
Scrolls
 e - 2 scrolls of amnesia
 q - 3 scrolls of summoning
 y - 2 scrolls of acquirement
 z - 24 scrolls of identify
 A - 6 scrolls of immolation
 C - 4 scrolls of magic mapping
 J - 2 scrolls of torment
 M - 6 scrolls of fog
 P - 2 scrolls of holy word
Potions
 m - 5 potions of flight
 p - 7 potions of heal wounds
 s - 8 potions of cancellation
 v - 4 potions of ambrosia
 B - 14 potions of brilliance
 E - a potion of invisibility
 F - 21 potions of curing
 G - 3 potions of mutation
 H - 3 potions of might
 I - a potion of magic
 L - 4 potions of resistance
Miscellaneous
 r - a lightning rod (4/4)
 u - a phantom mirror
 N - a condenser vane
 O - a box of beasts


   Skills:
 * Level 11.8 Fighting
 - Level 8.0 Polearms
 * Level 11.9 Armour
 - Level 7.0 Dodging
 - Level 3.1 Stealth
 - Level 15.0 Shields
 * Level 11.6 Spellcasting
 - Level 6.0 Conjurations
 - Level 20.0 Necromancy
 - Level 20.0 Transmutations
 - Level 6.0 Fire Magic
 * Level 2.1 Ice Magic
 * Level 21.5 Earth Magic


You had 8 spell levels left.
You knew the following spells:

 Your Spells              Type           Power      Damage    Failure   Level
a - Borgnjor's Vile Clut  Necr/Erth      51%        N/A       1%          5
b - Conjure Flame         Conj/Fire      39%        6-21      1%          3
c - Dispel Undead         Necr           100%       3d31      1%          4
d - Necromutation         Tmut/Necr      50%        N/A       12%         8
e - Lee's Rapid Deconstr  Erth           41%        3d21*     1%          5
f - Iron Shot             Conj/Erth      32%        9d7       3%          6
g - Ozocubu's Armour      Ice            22%        N/A       8%          3
h - Vampiric Draining     Necr           50%        2d13      0%          3
z - Sublimation of Blood  Necr           50%        N/A       0%          2

Your spell library contained the following spells:

 Spells                   Type           Power      Damage    Failure   Level
 Animate Skeleton         Necr           100%       N/A       0%          1
 Pain                     Necr           100%       1d9       0%          1
 Sandblast                Erth           100%       2d20      0%          1
 Passwall                 Tmut/Erth      67%        N/A       0%          2
 Wereblood                Tmut           79%        N/A       0%          2
 Petrify                  Tmut/Erth      81%        N/A       0%          4
 Foxfire                  Conj/Fire      100%       2x1d9     1%          1
 Magic Dart               Conj           100%       1d8       1%          1
 Shock                    Conj/Air       100%       1d9       1%          1
 Sting                    Tmut/Pois      100%       1d8       1%          1
 Corpse Rot               Necr/Air       N/A        N/A       1%          2
 Searing Ray              Conj           78%        3d6       1%          2
 Animate Dead             Necr           50%        N/A       1%          4
 Leda's Liquefaction      Hex/Erth       28%        N/A       1%          4
 Agony                    Necr           100%       N/A       1%          5
 Blade Hands              Tmut           39%        N/A       1%          5
 Excruciating Wounds      Necr           50%        N/A       1%          5
 Irradiate                Conj/Tmut      31%        3d23      1%          5
 Death Channel            Necr           50%        N/A       1%          6
 Dragon Form              Tmut           39%        N/A       1%          7
 Freeze                   Ice            88%        1d10      2%          1
 Yara's Violent Unravell  Hex/Tmut       27%        3d12      3%          5
 Dazzling Flash           Conj/Hex       50%        N/A       5%          3
 Inner Flame              Hex/Fire       25%        N/A       5%          3
 Corona                   Hex            13%        N/A       6%          1
 Mephitic Cloud           Conj/Pois/Air  21%        N/A       9%          3
 Call Imp                 Summ           12%        N/A       10%         2
 Poisonous Vapours        Pois/Air       24%        N/A       10%         2
 Simulacrum               Ice/Necr       37%        N/A       11%         6
 Borgnjor's Revivificati  Necr           50%        N/A       12%         8
 Infestation              Necr           50%        N/A       12%         8
 Iskenderun's Battlesphe  Conj           39%        2d9       16%         5
 Call Canine Familiar     Summ           12%        N/A       19%         3
 Gell's Gravitas          Tloc           6%         N/A       19%         3
 Lesser Beckoning         Tloc           6%         N/A       19%         3
 Portal Projectile        Hex/Tloc       24%        N/A       19%         3
 Summon Guardian Golem    Hex/Summ       12%        N/A       19%         3
 Teleport Other           Tloc           12%        N/A       19%         3
 Tukima's Dance           Hex            12%        N/A       19%         3
 Fulminant Prism          Conj/Hex       12%        3d9       19%         4
 Iskenderun's Mystic Bla  Conj/Tloc      25%        2d7       19%         4
 Summon Ice Beast         Ice/Summ       17%        N/A       38%         4
 Freezing Cloud           Conj/Ice/Air   12%        6-21      50%         5
 Airstrike                Air            6%         N/A       54%         4
 Olgreb's Toxic Radiance  Pois           12%        N/A       54%         4
 Passage of Golubria      Tloc           N/A        N/A       54%         4
 Haunt                    Necr/Summ      35%        N/A       65%         7
 Metabolic Englaciation   Hex/Ice        8%         N/A       75%         5
 Lehudib's Crystal Spear  Conj/Erth      32%        10d8      82%         8
 Manifold Assault         Tloc           12%        N/A       87%         5
 Silence                  Hex/Air        6%         N/A       87%         5
 Summon Mana Viper        Hex/Summ       12%        N/A       87%         5
 Dispersal                Tloc           6%         N/A       100%        6
 Invisibility             Hex            6%         N/A       100%        6
 Monstrous Menagerie      Summ           6%         N/A       100%        7
 Spellforged Servitor     Conj/Summ      12%        N/A       100%        7
 Summon Hydra             Summ           6%         N/A       100%        7
 Disjunction              Tloc           6%         N/A       100%        8
 Death's Door             Necr           50%        N/A       87%         9
 Fire Storm               Conj/Fire      19%        8d5       100%        9
 Blink                    Tloc           Unusable   N/A       N/A         2
 Swiftness                Air            Unusable   N/A       N/A         3

Dungeon Overview and Level Annotations

Branches:
Dungeon (15/15)            Temple (1/1) D:6            Lair (6/6) D:9
 Shoals (4/4) Lair:2        Snake (4/4) Lair:3        Slime (0/5) Lair:6
    Orc (2/2) D:9             Elf (3/3) Orc:2        Vaults (4/5) D:14
  Crypt (3/3) Vaults:3     Depths (0/5) D:15          IceCv (visited)
Gauntlet (visited)
   Tomb: Crypt:3

Altars:
Ashenzari
Cheibriados
Dithmenos
Elyvilon
Fedhas
Gozag
Hepliaklqana
Kikubaaqudgha
Makhleb
Nemelex Xobeh
Okawaru
Qazlal
Ru
Sif Muna
Trog
Uskayaw
Vehumet
Wu Jian
Xom
Yredelemnul
Zin
The Shining One
Beogh

Shops:
D:9 *   D:10 (   Orc:2 :[?*!   Elf:3 [   Shoals:1 ?*[   Shoals:3 (   Snake:1 (
Snake:4 *   Vaults:2 ?

Portals:
Abyss: Lair:5
Pandemonium: Orc:2

Annotations:
D:10 exclusion: air elemental
Vaults:1 3 runed translucent doors, theMacoje's ghost, adept OgAM
Crypt:3 Mara


Innate Abilities, Weirdness & Mutations

You are an undead lich.
Your unarmed attacks are suffused with negative energy.
You are immune to unholy pain and torment.
Your necromantic spells are more powerful.
You are immune to poison.
You cannot drink.
You cannot be hasted, slowed, berserked, paralysed or teleported.
You can dig through walls and to a lower floor.
You have a pair of large antennae on your head. (SInv)
Your four strong arms can wield two-handed weapons with a shield.
You have sharp toenails.
You have a considerably increased reservoir of magic. (+20% MP)


Message History

DildoBatman's illusion is severely wounded.
Your +8 glaive of the Guard {elec, spectral, AC+5} hits DildoBatman's illusion!
DildoBatman's illusion barely misses you.
You hit DildoBatman's illusion but do no damage.
DildoBatman's illusion is severely wounded.
Your +8 glaive of the Guard {elec, spectral, AC+5} completely misses DildoBatman's illusion.
DildoBatman's illusion points at you and mumbles some strange words.
The iron shot hits you!!!
You hit DildoBatman's illusion but do no damage.
DildoBatman's illusion is severely wounded.
Your +8 glaive of the Guard {elec, spectral, AC+5} hits DildoBatman's illusion but does no damage.
You block DildoBatman's illusion's attack.
DildoBatman's illusion gestures at you while chanting.
The iron shot hits you!!
You slice DildoBatman's illusion!!
DildoBatman's illusion is almost dead.
Your +8 glaive of the Guard {elec, spectral, AC+5} hits DildoBatman's illusion!
DildoBatman's illusion hits you but does no damage.
You slash DildoBatman's illusion!
DildoBatman's illusion is almost dead.
Your +8 glaive of the Guard {elec, spectral, AC+5} closely misses DildoBatman's illusion.
You block DildoBatman's illusion's attack.
You hit DildoBatman's illusion but do no damage.
DildoBatman's illusion is almost dead.
Your +8 glaive of the Guard {elec, spectral, AC+5} hits DildoBatman's illusion.
DildoBatman's illusion hits your +8 glaive of the Guard {elec, spectral, AC+5}!
Your spectral weapon shares its damage with you!
DildoBatman's illusion hits your +8 glaive of the Guard {elec, spectral, AC+5}!
Your spectral weapon shares its damage with you!
You miss DildoBatman's illusion.
DildoBatman's illusion is almost dead.
Your +8 glaive of the Guard {elec, spectral, AC+5} misses DildoBatman's illusion.
Your transformation is almost over.
Your +8 glaive of the Guard {elec, spectral, AC+5} fades away.
DildoBatman's illusion points at you and mumbles some strange words.
The iron shot hits you!!!
DildoBatman's illusion points at you and mumbles some strange words.
The iron shot hits you!!!!
You die...
Your body crumbles into a pile of gold.

♣♣♣♣♣ ♣♣...♣♣
♣♣♣♣..<..♣
♣....L..♣♣
♣♣♣.@.....♣ ♣ ♣♣
♣♣......♣♣♣♣
..♣.♣♣♣...♣♣♣♣♣
♣........♣♣
.........♣
.........♣♣♣
......♣@♣..♣♣♣♣♣
.....♣.....♣...♣


You could see DildoBatman's illusion.

Vanquished Creatures
  Khufu (Crypt:2)
  A royal mummy (Crypt:2)
  Saint Roka (Elf:3)
  Vashnia (Snake:4)
  Nikola (Shoals:1)
  The ghost of christhawk the Slayer, an adept MiHu of Okawaru (Vaults:2)
  Jorgrun (Elf:1)
  2 quicksilver dragons (Snake:4)
  4 deep elf master archers (Elf:3)
  A titan (Shoals:1)
  4 deep elf blademasters
  Frances (D:14)
  7 sphinxes
  3 ancient champions (Crypt:2)
  4 nagarajas
  7 revenants
  12 vault wardens
  Aizul (Elf:2)
  4 deep elf sorcerers (Elf:3)
  4 ghouls (Crypt:1)
  2 orc warlords
  3 deep elf elementalists (Elf:3)
  3 stone giants
  11 very ugly things
  6 vampire knights
  14 ironbound preservers
  2 minotaurs
  4 deep elf demonologists
  The ghost of Terracrafty the Arsonist, a journeyman HOFE of Sif Muna (Orc:2)
  The ghost of Gonodgh the Peltast, a journeyman MiFi of Cheibriados (D:13)
  7 deep elf annihilators (Elf:3)
  2 dire elephants (Vaults:1)
  8 eidola
  Snorg (Lair:4)
  8 merfolk javelineers
  4 deep elf death magi
  An ettin (D:9)
  7 jiangshi
  8 yaktaur captains
  9 merfolk impalers
  The ghost of Jeban the Spear-Bearer, a journeyman OpFi of Gozag (Lair:5)
  3 mummy priests (Crypt:2)
  A crystal guardian (Vaults:2)
  Josephine (Lair:4)
  3 great orbs of eyes
  7 deep elf high priests
  8 naga warriors
  10 vault guards
  11 hydras
  7 ironbound frosthearts
  2 ogre magi
  7 ironbound thunderhulks
  4 salamander tyrants (Snake:4)
  A peacekeeper (Vaults:2)
  Erica (D:8)
  3 merfolk avatars
  9 boulder beetles
  7 centaur warriors
  3 alligator snapping turtles
  14 anacondas
  3 death knights
  16 death yaks
  8 merfolk aquamancers
  3 satyrs
  2 tengu warriors
  13 two-headed ogres
  Urug (D:10)
  A hell hog (Lair:5)
  4 vampire magi
  4 ironbound beastmasters
  10 orc high priests
  9 shock serpents
  14 naga sharpshooters
  20 deep elf knights
  A wretched star (Lair:5)
  A skeletal warrior (Crypt:2)
  3 shadow wraiths (Crypt:2)
  2 salamander mystics (Snake:4)
  23 deep trolls
  A golden dragon zombie (Vaults:4)
  2 infernal demonspawn (Orc:2)
  A swamp dragon (shapeshifter) (Vaults:2)
  8 wizards
  10 sea snakes
  An anaconda skeleton (Lair:3)
  16 ironbound convokers
  12 deep elf archers
  A wolf spider zombie (Crypt:1)
  33 deep elf zephyrmancers
  10 phantasmal warriors
  3 necromancers
  5 naga ritualists
  9 harpies
  6 orc sorcerers
  26 deep elf pyromancers
  6 lindwurms
  8 mana vipers
  32 ugly things
  A shadow dragon skeleton (Crypt:1)
  9 orc knights
  18 fauns
  A worldbinder (Lair:5)
  8 cyclopes
  14 salamanders
  13 manticores
  8 elephants
  A stone giant skeleton (Crypt:2)
  46 black mambas
  7 merfolk sirens
  7 guardian serpents
  18 naga magi
  An alligator snapping turtle zombie (Crypt:1)
  22 vault sentinels
  Maurice (D:8)
  A smoke demon (Lair:5)
  5 water nymphs
  9 cane toads
  2 gargoyles
  3 ice statues (IceCv)
  An orange demon (Orc:2)
  3 centaur skeletons (D:14)
  21 yaktaurs
  5 kobold demonologists
  A cane toad (shapeshifter) (D:15)
  Psyche (D:8)
  2 catoblepas zombies
  14 freezing wraiths
  4 rime drakes (Lair:6)
  A hellion (Gauntlet)
  2 tengu conjurers (Gauntlet)
  An efreet (D:15)
  10 komodo dragons
  A black draconian skeleton (Crypt:1)
  An entropy weaver simulacrum (IceCv)
  A golden dragon simulacrum (Crypt:1)
  4 ice devils
  A guardian mummy (Crypt:2)
  A hydra zombie (Crypt:1)
  A red devil (Orc:2)
  3 meliai (Shoals:4)
  3 hornets
  A harpy zombie (Shoals:1)
  5 polar bears
  7 trolls
  7 wind drakes
  33 merfolk
  2 yaktaur skeletons
  62 slime creatures
  A fire dragon zombie (Crypt:1)
  17 blink frogs
  6 dream sheep
  A raiju (shapeshifter) (Elf:1)
  Prince Ribbit (D:5)
  A raiju (Abyss:1)
  An ice dragon zombie (D:13)
  8 snapping turtles
  A black mamba zombie (Lair:1)
  2 air elementals (Elf:2)
  An ettin skeleton (Vaults:4)
  4 shadows
  21 yaks
  A spriggan (Lair:5)
  18 water elementals
  A tarantella (shapeshifter) (D:12)
  2 vampires (D:12)
  A golden eye (Abyss:1)
  2 fire elementals
  4 wyverns
  9 wraiths
  A human (D:9)
  A black mamba skeleton (Lair:3)
  4 steam dragons
  5 basilisks
  9 wargs
  Menkaure (D:7)
  A harpy simulacrum (IceCv)
  4 vampire mosquitoes (D:12)
  47 nagas
  A tengu zombie (D:13)
  2 ogre zombies
  An acid dragon (D:13)
  2 tengu skeletons (D:13)
  A faun skeleton (Crypt:1)
  2 hell hounds (Gauntlet)
  10 water moccasins
  A hornet zombie (D:8)
  A human skeleton (Vaults:4)
  3 ice beasts
  47 orc warriors
  4 manticore zombies
  A two-headed ogre skeleton (Crypt:2)
  2 necrophages
  5 boggarts (D:15)
  27 wolves
  A hog zombie (Crypt:1)
  15 ogres
  A lindwurm skeleton (Crypt:1)
  A blink frog skeleton (Lair:3)
  3 elf skeletons
  6 rime drake zombies (IceCv)
  11 centaurs
  12 kobold brigands
  A hog skeleton (Crypt:1)
  A salamander zombie (Crypt:1)
  6 rime drake skeletons (IceCv)
  2 gnoll sergeants (D:8)
  12 bullfrogs
  2 cane toad simulacra (IceCv)
  4 earth elementals
  A cyclops zombie (D:13)
  3 wyvern skeletons (Crypt:3)
  2 scorpions (D:5)
  2 water moccasin zombies
  2 water moccasin skeletons
  A polar bear zombie (IceCv)
  5 killer bees (D:9)
  2 elephant simulacra (IceCv)
  A polar bear skeleton (IceCv)
  3 wights (D:9)
  3 electric eels
  2 howler monkeys (D:12)
  2 yak skeletons
  A spriggan skeleton (Crypt:1)
  A crimson imp (D:7)
  A wolf skeleton (Lair:3)
  6 centaur zombies
  A bullfrog zombie (Lair:2)
  Crazy Yiuf (D:4)
  28 orc priests
  4 hounds
  3 jellies
  3 iron imps (D:4)
  3 iguanas
  A kobold skeleton (D:15)
  32 hell rats
  17 orc wizards
  A polar bear simulacrum (IceCv)
  2 wolf simulacra (IceCv)
  A killer bee zombie (D:7)
  A dwarf zombie (Crypt:1)
  2 mummies (Crypt:2)
  24 gnolls
  2 howler monkey skeletons
  2 steam dragon zombies (Crypt:2)
  5 adders
  2 shadow imps (D:6)
  4 white imps
  An ufetubus (D:5)
  An orc zombie (D:13)
  2 adder skeletons
  4 worms
  A barachi zombie (Crypt:1)
  5 dart slugs
  112 orcs
  A bat zombie (Shoals:1)
  4 endoplasms
  8 goblins
  3 hobgoblins
  3 quokkas
  8 ball pythons
  4 bats
  5 frilled lizards
  16 kobolds
  2 orc skeletons
  6 rats
  A rat zombie (Crypt:2)
  A spectral kobold (D:14)
1717 creatures vanquished.

Vanquished Creatures (collateral kills)
  Rupert (Orc:1)
1 creature vanquished.

Vanquished Creatures (others)
  27 dancing weapons
  A harpy (Vaults:3)
  A necromancer (Crypt:2)
  A merfolk siren (Shoals:1)
  A blink frog (Lair:3)
  2 orcs (D:8)
  32 foxfires
  30 fungi
  78 plants
  6 withered plants
179 creatures vanquished.

Grand Total: 1897 creatures vanquished

Notes
Turn   | Place    | Note
-------+----------+-------------------------------------------
     0 | D:1      | DildoBatman the Formicid Conjurer began the quest for the
                  | Orb.
     0 | D:1      | Reached XP level 1. HP: 13/13 MP: 3/3
   134 | D:1      | Reached XP level 2. HP: 19/19 MP: 0/5
   427 | D:1      | Learned a level 2 spell: Searing Ray
   547 | D:1      | Reached XP level 3. HP: 21/24 MP: 3/6
  1060 | D:2      | Reached XP level 4. HP: 22/30 MP: 3/7
  1062 | D:2      | Reached skill level 5 in Conjurations
  1132 | D:2      | Learned a level 3 spell: Conjure Flame
  1134 | D:2      | Learned a level 1 spell: Foxfire
  1626 | D:2      | You fall into a shaft and drop 2 floors!
  1629 | D:4      | Found an iron altar of Okawaru.
  1662 | D:3      | Reached skill level 1 in Fire Magic
  1662 | D:3      | Reached XP level 5. HP: 10/35 MP: 0/8
  1741 | D:3      | Found a sacrificial altar of Ru.
  1900 | D:4      | HP: 1/35 [orc (2)]
  1905 | D:4      | You are sucked into a shaft and drop 2 floors!
  1905 | D:6      | Noticed Prince Ribbit
  1919 | D:6      | Noticed an ogre
  1979 | D:6      | Noticed an ogre
  2029 | D:6      | Found a sparkling altar of Nemelex Xobeh.
  2061 | D:5      | Entered Level 5 of the Dungeon
  2124 | D:5      | Reached XP level 6. HP: 29/41 MP: 5/10
  2208 | D:5      | Noticed an ice beast
  2217 | D:5      | Killed an ice beast
  2228 | D:5      | Identified the +1 chain mail of Lethargy {rC+ Str+4}
  2359 | D:4      | Reached XP level 7. HP: 33/46 MP: 1/12
  3337 | D:4      | Found a burning altar of Makhleb.
  3512 | D:4      | Found a runed translucent door.
  3513 | D:4      | Noticed Crazy Yiuf
  4080 | D:4      | Reached skill level 5 in Spellcasting
  4080 | D:4      | Reached XP level 8. HP: 52/52 MP: 5/15
  4462 | D:5      | Reached skill level 5 in Fire Magic
  4510 | D:5      | Found a shimmering blue altar of Sif Muna.
  5337 | D:6      | Found a staircase to the Ecumenical Temple.
  5344 | Temple   | Entered the Ecumenical Temple
  5575 | Temple   | Became a worshipper of Kikubaaqudgha
  5714 | D:5      | Killed Prince Ribbit
  5715 | D:5      | Reached skill level 1 in Fighting
  5715 | D:5      | Reached skill level 1 in Armour
  5715 | D:5      | Reached XP level 9. HP: 47/59 MP: 12/19
  6123 | D:4      | Killed Crazy Yiuf
  6894 | D:7      | Noticed Menkaure
  6940 | D:7      | Reached * piety under Kikubaaqudgha
  6940 | D:7      | Received a gift from Kikubaaqudgha
  7038 | D:7      | Killed Menkaure
  7070 | D:7      | Reached skill level 5 in Fighting
  7070 | D:7      | Reached skill level 5 in Armour
  7171 | D:7      | Reached skill level 1 in Necromancy
  7567 | D:6      | Found an ornate altar of the Wu Jian Council.
  7634 | D:8      | Reached XP level 10. HP: 60/74 MP: 17/20
  7698 | D:8      | Noticed Erica
  7712 | D:8      | Noticed Psyche
  7745 | D:8      | Killed Psyche
  7746 | D:8      | Reached skill level 5 in Necromancy
  7778 | D:8      | Noticed Maurice
  7811 | D:8      | Killed Maurice
  7819 | D:8      | Learned a level 3 spell: Vampiric Draining
  7822 | D:8      | Learned a level 2 spell: Sublimation of Blood
  7921 | D:8      | Found a radiant altar of Vehumet.
  8160 | D:8      | Killed Erica
  8242 | D:8      | Reached ** piety under Kikubaaqudgha
  8333 | D:8      | Reached skill level 5 in Shields
  8790 | D:8      | Found a snail-covered altar of Cheibriados.
  8860 | D:8      | Found a white marble altar of Elyvilon.
  9059 | D:9      | Found Niogh's Neck Hole.
  9082 | D:9      | Noticed a two-headed ogre
  9418 | D:8      | Killed a two-headed ogre
  9419 | D:8      | Reached XP level 11. HP: 79/79 MP: 19/21
  9631 | D:9      | Reached *** piety under Kikubaaqudgha
  9631 | D:9      | Received a gift from Kikubaaqudgha
  9637 | D:9      | Learned a level 4 spell: Dispel Undead
  9643 | D:9      | Learned a level 5 spell: Borgnjor's Vile Clutch
  9672 | D:9      | Found a staircase to the Orcish Mines.
  9708 | D:9      | Reached skill level 1 in Earth Magic
  9741 | D:9      | Reached skill level 2 in Earth Magic
  9812 | D:9      | Reached skill level 3 in Earth Magic
  9937 | D:9      | Reached skill level 4 in Earth Magic
 10057 | D:9      | Reached skill level 5 in Earth Magic
 10097 | D:9      | Found a staircase to the Lair.
 10302 | D:9      | Reached skill level 6 in Earth Magic
 10587 | D:10     | Entered Level 10 of the Dungeon
 10700 | D:10     | Found a stormy altar of Qazlal.
 10723 | D:10     | Reached skill level 7 in Earth Magic
 10916 | D:10     | Found Liruz's Antique Weapon Emporium.
 10950 | D:10     | Noticed Urug
 10958 | D:10     | Killed Urug
 10959 | D:10     | Reached skill level 8 in Earth Magic
 11067 | D:10     | Reached **** piety under Kikubaaqudgha
 11242 | D:10     | Found a hide-covered altar of Uskayaw.
 11677 | D:11     | Reached skill level 9 in Earth Magic
 11871 | D:11     | Noticed a boulder beetle
 11895 | D:11     | Killed a boulder beetle
 11896 | D:11     | Reached XP level 12. HP: 86/86 MP: 3/22
 11947 | D:11     | Noticed a two-headed ogre
 11963 | D:11     | Killed a two-headed ogre
 12205 | D:11     | Gained mutation: You are agile. (Dex +2) [potion of
                  | mutation]
 12206 | D:11     | Lost mutation: You are agile. (Dex +2) [potion of mutation]
 12206 | D:11     | Gained mutation: Your mind is acute. (Int +2) [potion of
                  | mutation]
 12206 | D:11     | Gained mutation: You are strong-willed. (Will+) [potion of
                  | mutation]
 12207 | D:11     | Lost mutation: Your mind is acute. (Int +2) [potion of
                  | mutation]
 12207 | D:11     | Lost mutation: You are strong-willed. (Will+) [potion of
                  | mutation]
 12207 | D:11     | Gained mutation: You expend magic power (3 MP) to
                  | strengthen your wands. [potion of mutation]
 12207 | D:11     | Gained mutation: Your mind is acute. (Int +2) [potion of
                  | mutation]
 12207 | D:11     | Gained mutation: You have sharp toenails. [potion of
                  | mutation]
 12253 | Orc:1    | Entered Level 1 of the Orcish Mines
 12367 | Orc:1    | Noticed an ettin
 12430 | D:9      | Killed an ettin
 12514 | Orc:1    | Noticed a two-headed ogre
 12521 | Orc:1    | Killed a two-headed ogre
 13089 | Orc:2    | Entered Level 2 of the Orcish Mines
 13106 | Orc:2    | Reached ***** piety under Kikubaaqudgha
 13306 | Orc:2    | Found Riduqi's Distillery.
 13313 | Orc:2    | Bought a potion of magic for 104 gold pieces
 13313 | Orc:2    | Bought a potion of flight for 39 gold pieces
 13313 | Orc:2    | Bought 2 potions of brilliance for 104 gold pieces
 13313 | Orc:2    | Bought a potion of ambrosia for 104 gold pieces
 13313 | Orc:2    | Bought a potion of mutation for 104 gold pieces
 13313 | Orc:2    | Lost mutation: You have sharp toenails. [potion of
                  | mutation]
 13313 | Orc:2    | Lost mutation: You expend magic power (3 MP) to strengthen
                  | your wands. [potion of mutation]
 13313 | Orc:2    | Gained mutation: Your muscles are strong. (Str +2) [potion
                  | of mutation]
 13313 | Orc:2    | Gained mutation: You are strong-willed. (Will+) [potion of
                  | mutation]
 13326 | Orc:2    | Noticed Rupert
 13503 | Orc:2    | Found a runed translucent gate.
 13504 | Orc:2    | Found a runed translucent gate.
 13505 | Orc:2    | Found a runed translucent gate.
 13505 | Orc:2    | Noticed Terracrafty's ghost (journeyman HOFE)
 13641 | Orc:2    | Noticed an orc high priest
 13656 | Orc:2    | Noticed a sun demon
 13658 | Orc:2    | Killed an orc high priest
 13709 | Orc:2    | Killed Terracrafty's ghost
 13809 | Orc:2    | Reached skill level 5 in Dodging
 13867 | Orc:2    | Reached XP level 13. HP: 97/97 MP: 17/23
 13896 | Orc:2    | Found Kiomenemi's Magic Scroll Emporium.
 13906 | Orc:2    | Found Ynis's General Store.
 14419 | Orc:2    | Bought a scroll of amnesia for 35 gold pieces
 14421 | Orc:2    | Bought a scroll of identify for 26 gold pieces
 14421 | Orc:2    | Bought a scroll of identify for 26 gold pieces
 14421 | Orc:2    | Bought a scroll of identify for 26 gold pieces
 14421 | Orc:2    | Bought a scroll of immolation for 45 gold pieces
 14484 | Orc:2    | Found a staircase to the Elven Halls.
 14891 | Orc:2    | Found Pezxec's Antique Armour Shop.
 14891 | Orc:2    | Found Sihoal's Book Boutique.
 14892 | Orc:2    | Found a one-way gate leading to the halls of Pandemonium.
 15033 | Orc:1    | Killed Rupert
 15034 | Orc:1    | Reached skill level 10 in Fighting
 15034 | Orc:1    | Reached skill level 10 in Armour
 15233 | Orc:2    | Bought a scroll of identify for 20 gold pieces
 15233 | Orc:2    | Bought a scroll of identify for 20 gold pieces
 15276 | Orc:2    | Bought a potion of curing for 39 gold pieces
 15276 | Orc:2    | Bought a potion of curing for 39 gold pieces
 15276 | Orc:2    | Bought a potion of heal wounds for 65 gold pieces
 15764 | D:12     | Noticed an eight-headed hydra
 15769 | D:12     | Killed a six-headed hydra
 15770 | D:12     | Reached XP level 14. HP: 43/110 MP: 17/24
 15778 | D:12     | Found a runed translucent door.
 15978 | D:12     | Reached skill level 10 in Earth Magic
 16363 | D:12     | Found a runed translucent door.
 16466 | D:12     | Reached skill level 10 in Necromancy
 16552 | D:12     | Reached skill level 11 in Earth Magic
 16870 | D:13     | Reached ****** piety under Kikubaaqudgha
 16871 | D:13     | Received a gift from Kikubaaqudgha
 16872 | D:13     | Fell from the grace of Kikubaaqudgha
 17082 | Temple   | Became a worshipper of Gozag Ym Sagoz the Greedy
 17119 | D:6      | You fall into a shaft and drop 1 floor!
 17122 | D:7      | You fall into a shaft and drop 2 floors!
 17125 | D:9      | You fall into a shaft and drop 3 floors!
 17212 | D:13     | Found a frozen archway.
 17222 | IceCv    | Entered an ice cave
 17744 | IceCv    | Reached skill level 12 in Earth Magic
 17780 | IceCv    | Found the +8 glaive of the Guard {elec, spectral, AC+5}
 17872 | D:13     | Lost mutation: Your mind is acute. (Int +2) [potion of
                  | mutation]
 17872 | D:13     | Lost mutation: Your muscles are strong. (Str +2) [potion of
                  | mutation]
 17872 | D:13     | Gained mutation: You are highly strong-willed. (Will++)
                  | [potion of mutation]
 17872 | D:13     | Gained mutation: You are partially covered in iridescent
                  | scales. (AC +2) [potion of mutation]
 17872 | D:13     | Gained mutation: You have an increased reservoir of magic.
                  | (+10% MP) [potion of mutation]
 17905 | D:13     | Found a runed translucent gate.
 17907 | D:13     | Found a runed translucent gate.
 17915 | D:13     | Found a runed translucent gate.
 17916 | D:13     | Noticed Gonodgh's ghost (journeyman MiFi)
 18477 | D:13     | Killed Gonodgh's ghost
 18507 | D:13     | Cast into level 1 of the Abyss (kobold brigand)
 18516 | Abyss:1  | Found a sparkling altar of Nemelex Xobeh.
 18530 | Abyss:1  | Found a broken altar of Ashenzari.
 18652 | D:13     | Escaped the Abyss
 18686 | D:13     | Identified the +3 hat "Leuteof" {+Inv rCorr Str-5 Dex+7}
 18774 | D:14     | Reached XP level 15. HP: 46/114 MP: 18/28
 18793 | D:14     | Reached skill level 10 in Shields
 18936 | D:14     | Noticed Frances
 18947 | D:14     | Killed Frances
 19125 | D:14     | Found a gate to the Vaults.
 19581 | D:14     | Found a hazy altar of Hepliaklqana.
 19601 | D:15     | Entered Level 15 of the Dungeon
 19705 | D:15     | Noticed a white very ugly thing
 19715 | D:15     | Killed a cyan very ugly thing
 20084 | D:15     | Reached skill level 15 in Shields
 20177 | D:15     | Reached XP level 16. HP: 90/122 MP: 18/29
 20295 | D:15     | Found a staircase to the Depths.
 20596 | Lair:1   | Entered Level 1 of the Lair of Beasts
 21315 | Lair:2   | Reached skill level 1 in Polearms
 21428 | Lair:2   | Found a staircase to the Shoals.
 22015 | Lair:3   | Found a staircase to the Snake Pit.
 22068 | Lair:3   | Reached skill level 13 in Earth Magic
 22096 | Lair:3   | Was forgiven by Kikubaaqudgha
 22849 | Lair:4   | Noticed Josephine
 22857 | Lair:4   | Killed Josephine
 23311 | Lair:4   | Reached skill level 5 in Polearms
 23768 | Lair:4   | Noticed Snorg
 23775 | Lair:4   | Killed Snorg
 24034 | Lair:5   | Found a gate leading to a gauntlet.
 24055 | Gauntlet | Entered a Gauntlet
 24055 | Gauntlet | Found a transporter.
 24055 | Gauntlet | Found a transporter.
 24055 | Gauntlet | Found a transporter.
 24075 | Gauntlet | Found a transporter.
 24085 | Gauntlet | Found a transporter.
 24089 | Gauntlet | Found a transporter.
 24105 | Gauntlet | Found a transporter.
 24120 | Gauntlet | Found a transporter.
 24137 | Gauntlet | Found a transporter.
 24141 | Gauntlet | Found a transporter.
 24151 | Gauntlet | Found a transporter.
 24155 | Gauntlet | Found a transporter.
 24342 | Gauntlet | Identified the +2 pair of gloves of Day {rElec rF+ Str-2}
 24394 | Gauntlet | Got the Catalogue of Flamy Curses
 24468 | Lair:5   | Reached skill level 14 in Earth Magic
 24481 | Lair:5   | Reached XP level 17. HP: 113/128 MP: 17/33
 24490 | Lair:5   | Reached skill level 10 in Spellcasting
 24671 | Lair:5   | You fall into a shaft and drop 1 floor!
 24671 | Lair:6   | Entered Level 6 of the Lair of Beasts
 25170 | Lair:6   | Found a staircase to the Slime Pits.
 25745 | Lair:5   | Reached skill level 15 in Earth Magic
 25829 | Lair:5   | Found a transporter.
 25862 | Lair:5   | Found a transporter.
 25862 | Lair:5   | Noticed Jeban's ghost (journeyman OpFi)
 26365 | D:9      | Lost mutation: You are highly strong-willed. (Will++)
                  | [potion of mutation]
 26365 | D:9      | Lost mutation: You are strong-willed. (Will+) [potion of
                  | mutation]
 26365 | D:9      | Lost mutation: You are partially covered in iridescent
                  | scales. (AC +2) [potion of mutation]
 26365 | D:9      | Gained mutation: Your flesh is heat resistant. (rF+)
                  | [potion of mutation]
 26365 | D:9      | Gained mutation: You have sharp toenails. [potion of
                  | mutation]
 26365 | D:9      | Gained mutation: You are clumsy. (Dex -2) [potion of
                  | mutation]
 26365 | D:9      | Gained mutation: You evolve. [potion of mutation]
 26377 | D:9      | Learned a level 5 spell: Lee's Rapid Deconstruction
 26450 | Snake:1  | Entered Level 1 of the Snake Pit
 26530 | Snake:1  | Found Ahio's Weapon Emporium.
 26677 | Orc:2    | Bought a scroll of summoning for 123 gold pieces
 26785 | D:10     | Bought a crystal hand crossbow for 238 gold pieces
 26785 | D:10     | Identified the +6 hand crossbow of Vistrotz {freeze, rElec}
                  | (You bought it in a shop on level 10 of the Dungeon)
 26785 | D:10     | Bought a jewelled arbalest for 266 gold pieces
 26785 | D:10     | Identified the +7 arbalest of Courage {penet, rPois Will+
                  | Str+2 Stlth+} (You bought it in a shop on level 10 of the
                  | Dungeon)
 26911 | Orc:2    | Bought a pair of scorched gloves for 332 gold pieces
 26911 | Orc:2    | Identified the +2 pair of gloves of the Monk {*Corrode
                  | rElec Str+4} (You bought it in a shop on level 2 of the
                  | Orcish Mines)
 27328 | Snake:1  | Reached skill level 16 in Earth Magic
 27742 | Snake:2  | Found Faqodiut's Magic Scroll Shoppe.
 27828 | Snake:2  | Reached skill level 17 in Earth Magic
 28036 | Snake:2  | Reached XP level 18. HP: 109/134 MP: 28/35
 28935 | Snake:3  | Reached skill level 18 in Earth Magic
 29035 | Snake:4  | Entered Level 4 of the Snake Pit
 29071 | Snake:4  | Noticed Vashnia
 29097 | Snake:4  | Killed Vashnia
 29120 | Snake:4  | Found Oggoetoo's General Store.
 29196 | Snake:4  | Bought a scroll of identify for 30 gold pieces
 29196 | Snake:4  | Bought a wand of iceblast (9) for 195 gold pieces
 29488 | Snake:4  | Reached skill level 19 in Earth Magic
 29671 | Snake:4  | Reached XP level 19. HP: 140/140 MP: 26/36
 30027 | Snake:4  | Got a serpentine rune of Zot
 30507 | Shoals:1 | Entered Level 1 of the Shoals
 30554 | Shoals:1 | Found Maurhih's Antique Armour Shoppe.
 30625 | Shoals:1 | Noticed Nikola
 30661 | Shoals:1 | Killed Nikola
 30748 | Shoals:1 | Lost mutation: You are clumsy. (Dex -2) [evolution]
 30802 | Shoals:1 | Found Povit's Magic Scroll Shop.
 30818 | Shoals:1 | Bought a scroll of identify for 36 gold pieces
 30818 | Shoals:1 | Bought a scroll of identify for 36 gold pieces
 30818 | Shoals:1 | Bought a scroll of torment for 135 gold pieces
 30971 | Shoals:1 | Noticed a titan
 30980 | Shoals:1 | Killed a titan
 31136 | Shoals:1 | Found Syb Hoq's General Store.
 31153 | Shoals:1 | Bought a potion of brilliance for 60 gold pieces
 31153 | Shoals:1 | Bought a scroll of enchant armour for 112 gold pieces
 31153 | Shoals:1 | Bought a wand of iceblast (7) for 165 gold pieces
 31265 | Shoals:1 | Reached skill level 20 in Earth Magic
 31268 | Shoals:1 | Reached skill level 15 in Necromancy
 32499 | Shoals:3 | Found Dalikleh's Weapon Boutique.
 32757 | Shoals:3 | Reached XP level 20. HP: 62/147 MP: 6/37
 33677 | Shoals:4 | Entered Level 4 of the Shoals
 33847 | Shoals:4 | Identified the ring of Eghecyo {*Corrode rF+++ Str+4 Int+6
                  | Slay-4}
 33943 | Shoals:4 | Gained mutation: You do not regenerate when monsters are
                  | visible. [evolution]
 33951 | Shoals:4 | Lost mutation: You evolve. [potion of mutation]
 33951 | Shoals:4 | Lost mutation: You do not regenerate when monsters are
                  | visible. [potion of mutation]
 33951 | Shoals:4 | Lost mutation: Your flesh is heat resistant. (rF+) [potion
                  | of mutation]
 33951 | Shoals:4 | Gained mutation: You have a considerably increased
                  | reservoir of magic. (+20% MP) [potion of mutation]
 34081 | Shoals:4 | Found a hide-covered altar of Uskayaw.
 34544 | Shoals:4 | Got a barnacled rune of Zot
 35145 | D:9      | Identified a scroll of acquirement
 35191 | D:9      | Learned a level 8 spell: Necromutation
 35198 | D:9      | Learned a level 6 spell: Iron Shot
 35297 | Vaults:1 | Entered Level 1 of the Vaults
 35321 | Vaults:1 | Identified the +3 shortbow of Cuej {flame, rF- rN+ Dex+9
                  | Stlth-}
 36469 | Vaults:1 | Reached XP level 21. HP: 153/153 MP: 32/42
 36759 | Vaults:1 | Found a runed translucent gate.
 36759 | Vaults:1 | Found a runed translucent gate.
 36759 | Vaults:1 | Found a runed translucent gate.
 36781 | Vaults:1 | Noticed theMacoje's ghost (adept OgAM)
 37246 | Vaults:2 | Found Mayq's Magic Scroll Emporium.
 37268 | Vaults:2 | Reached skill level 1 in Transmutations
 37289 | Vaults:2 | Bought a scroll of acquirement for 728 gold pieces
 37289 | Vaults:2 | Bought a scroll of identify for 28 gold pieces
 37289 | Vaults:2 | Bought a scroll of fog for 28 gold pieces
 37289 | Vaults:2 | Bought a scroll of fog for 28 gold pieces
 37289 | Vaults:2 | Bought a scroll of identify for 28 gold pieces
 37289 | Vaults:2 | Bought a scroll of identify for 28 gold pieces
 37289 | Vaults:2 | Bought a scroll of identify for 28 gold pieces
 38074 | Vaults:2 | Identified the +1 plate armour of Ocka Col {-Tele rElec
                  | Regen+ MP+9}
 38075 | Vaults:2 | Found a runed translucent gate.
 38075 | Vaults:2 | Found a runed translucent gate.
 38075 | Vaults:2 | Found a runed translucent gate.
 38077 | Vaults:2 | Noticed christhawk's ghost (adept MiHu)
 38107 | Vaults:2 | Reached skill level 5 in Transmutations
 38787 | Vaults:3 | Found a staircase to the Crypt.
 39170 | Vaults:3 | Reached XP level 22. HP: 153/155 MP: 29/43
 39349 | Vaults:3 | Reached skill level 10 in Transmutations
 40283 | Vaults:4 | Identified the +2 ring mail of Eler {Will+}
 41574 | Vaults:2 | Killed christhawk's ghost
 41575 | Vaults:2 | Reached skill level 15 in Transmutations
 42083 | Lair:5   | Killed Jeban's ghost
 42084 | Lair:5   | Reached XP level 23. HP: 165/165 MP: 28/44
 42107 | Lair:5   | Found a one-way gate to the infinite horrors of the Abyss.
 42252 | Elf:1    | Entered Level 1 of the Elven Halls
 42628 | Elf:1    | Noticed Jorgrun
 42633 | Elf:1    | Killed Jorgrun
 43028 | Elf:1    | You fall into a shaft and drop 1 floor!
 43062 | Elf:2    | Found a runed translucent gate.
 43062 | Elf:2    | Found a runed translucent gate.
 43063 | Elf:2    | Found a runed translucent gate.
 43068 | Elf:2    | Noticed Aizul
 43111 | Elf:2    | Killed Aizul
 43146 | Elf:2    | Found a flickering gateway to a bazaar.
 43158 | Bazaar   | Entered a bazaar
 43172 | Bazaar   | Found Tonaf's Assorted Antiques.
 43177 | Bazaar   | Bought 2 potions of heal wounds for 180 gold pieces
 43177 | Bazaar   | Bought a potion of brilliance for 72 gold pieces
 43188 | Bazaar   | Found Gousk's General Store.
 43188 | Bazaar   | Found Cuthequz's Antique Weapon Shoppe.
 43193 | Bazaar   | Bought a smouldering quarterstaff for 117 gold pieces
 43193 | Bazaar   | Identified the +8 quarterstaff "Vuf Woli" {drain, Str+4
                  | Int-4 Stlth+} (You bought it in a shop in a bazaar)
 43200 | Bazaar   | Bought a wand of iceblast (12) for 144 gold pieces
 43200 | Bazaar   | Bought a scroll of fog for 18 gold pieces
 43200 | Bazaar   | Bought a potion of heal wounds for 45 gold pieces
 43211 | Bazaar   | Found Nukhlaw's Armour Emporium.
 43211 | Bazaar   | Found Qabbox's General Store.
 43216 | Bazaar   | Bought a potion of curing for 36 gold pieces
 43222 | Bazaar   | Bought a +1 pair of boots of stealth for 165 gold pieces
 43222 | Bazaar   | Bought a +1 cloak of preservation for 165 gold pieces
 43233 | Bazaar   | Found Hiysm's Magic Scroll Emporium.
 43238 | Bazaar   | Bought a scroll of identify for 26 gold pieces
 43238 | Bazaar   | Bought a scroll of identify for 26 gold pieces
 43238 | Bazaar   | Bought a scroll of identify for 26 gold pieces
 43238 | Bazaar   | Bought a scroll of identify for 26 gold pieces
 43312 | Elf:2    | Identified the +0 pair of gloves of Elyvilon's Envy {Harm
                  | Drain rPois}
 44323 | Elf:3    | Entered Level 3 of the Elven Halls
 44345 | Elf:3    | Noticed Saint Roka
 44357 | Elf:3    | Killed Saint Roka
 44515 | Elf:3    | Reached XP level 24. HP: 172/172 MP: 35/44
 44515 | Elf:3    | Identified the +6 trident of Crystal {holy, Str+4}
 44630 | Elf:3    | Identified the ring of Contentment {Wiz Will+ Str+3 Stlth-}
 44662 | Elf:3    | Identified the +6 whip of Bekygepy {freeze, Int+2 Stlth+}
 44928 | Elf:3    | Identified the +1 mace of the Evil Eye {freeze, Str+4 SInv
                  | Stlth-}
 44942 | Elf:3    | Got the Reference Book on Clay and Ice
 44945 | Elf:3    | Got the Guide on Frigorific Conjuration
 44963 | Elf:3    | Learned a level 3 spell: Ozocubu's Armour
 44984 | Elf:3    | Got the Collected Works on Displacement and Contamination
 44985 | Elf:3    | Identified the +5 great mace of the Enemy {freeze, Dex+2}
 44997 | Elf:3    | Identified the +2 spear "DildoBatman's Regret" {speed, rF+}
 45248 | Elf:3    | Found Cousch's Armour Boutique.
 45809 | Elf:3    | Identified the +6 dagger of Dismemberment {vorpal, rPois}
 46224 | Crypt:1  | Entered Level 1 of the Crypt
 46453 | Crypt:1  | Got the Volume of the Entourage
 47178 | Crypt:2  | Reached skill level 21 in Earth Magic
 47200 | Crypt:2  | Reached XP level 25. HP: 93/182 MP: 7/45
 47725 | Crypt:2  | Noticed a royal mummy
 47739 | Crypt:2  | Killed a royal mummy
 47755 | Crypt:2  | Noticed Khufu
 47764 | Crypt:2  | Killed Khufu
 47765 | Crypt:2  | Reached skill level 1 in Ice Magic
 48007 | Crypt:3  | Entered Level 3 of the Crypt
 48223 | Crypt:2  | Found an ancient bone altar of Kikubaaqudgha.
 48284 | Crypt:3  | Noticed Mara
 48285 | Crypt:3  | Noticed DildoBatman's illusion
 48376 | Crypt:3  | Killed from afar by DildoBatman's illusion (illusionary)

Illustrated notes

Levels and vault maps discovered:
D:1:      shiori_arrival_elements, layout_loops_ring, minmay_misc_feat_chi,
          minmay_pentomino_t2
D:2:      layout_loops_corners
D:3:      layout_rooms, nicolae_ru_sacrificial_ziggurat
D:4:      layout_basic, demons_altar, okawaru_trees_2,
          cheibrodos_sewer_entry_bend, minmay_quadrilaterals,
          uniq_crazy_yiuf_cottage
D:5:      layout_basic, led_sif_pool, water_maze_lemuel
D:6:      layout_loops_ring, nemelex_diamond_rough_becter,
          nicolae_overflow_hidden_temple, minmay_temple_entry_mist,
          minmay_pentangle, uniq_prince_ribbit1
D:7:      layout_loops_cross, minmay_fire_ice_demons, uniq_menkaure
D:8:      layout_gridville, elyvilon_altar_1, nicolae_overflow_crystal_walls,
          nicolae_vehumet_altar_sigil, special_room [special_room_orc],
          uniq_maurice, uniq_erica, uniq_psyche
D:9:      layout_roguey, erik_lair_orcish_takeover, erik_orc_4,
          nicolae_shop_sticking_my_neck_out
D:10:     layout_roguey, nicolae_uskayaw_murder_on_the_dancefloor,
          nicolae_qazlal_style_of_elements, serial_shops,
          nicolae_shop_statue_plus, st_stairs_3, uniq_urug
D:11:     layout_loops_ring
D:12:     cheibrodos_histonic, layout_loops_ring, fungi_pond_lemuel,
          kennysheep_generic_room_3
D:13:     layout_roguey, gammafunk_ghost_nasty_kobolds,
          portal_ice_cave_demonic_guard
D:14:     layout_irregular_city, erik_vaults_2, hangedman_decor_peaks_small,
          nicolae_hepliaklqana_monster_ancestors, uniq_frances
D:15:     gammafunk_enter_depths_forms, layout_basic, chequers_arboretum
Temple:   minmay_temple_curvy_loop
Lair:1:   layout_regular_city
Lair:2:   layout_gridlike, minmay_shoals_entry_hut
Lair:3:   layout_chaotic_city, guppyfry_snake_entry_garden, grunt_megastairs_3
Lair:4:   layout_layer_cave, serial_bayou_shore_a, uniq_josephine, uniq_snorg
Lair:5:   layout_misc_corridors, gammafunk_ghost_abyssal_escape,
          gauntlet_entry_generic, infiniplex_staircase_pool_2
Lair:6:   gammafunk_lair_ancient_temple, layout_long_grid, slime_dummy
Shoals:1: cheibrodos_shoals_gigantism, layout_shoals, serial_shops,
          nicolae_shop_overgrown_old_shop, shop, shop,
          nicolae_shoals_undead_eyrie, uniq_nikola
Shoals:2: nicolae_shoals_island_circles, layout_shoals,
          nicolae_shoals_nautilus_by_nature
Shoals:3: layout_shoals, serial_shops, nicolae_shop_crystal,
          nicolae_shoals_water_elemental_grotto
Shoals:4: shoals_end_simple, layout_shoals, regret_index_shoals_crete
Snake:1:  layout_onion, serial_shops, shop
Snake:2:  layout_rooms, serial_shops, nicolae_shop_window_shopping,
          nrook_loot_triangle
Snake:3:  layout_cave_town, drop_trap
Snake:4:  hellmonk_snake_rune_quicksilver_temple, layout_cave_town,
          serial_shops, shop, uniq_vashnia
Orc:1:    layout_caves
Orc:2:    pf_orc_diabolical, layout_diamond_mine, serial_shops,
          nicolae_shop_crystal, ebering_ghost_rock_garden, uniq_rupert
Elf:1:    elf_arrival_001, layout_gridlike, minmay_elf_crystal_hexagon,
          uniq_jorgrun
Elf:2:    nicolae_elf_blades_crystal_corner, layout_onion_city, serial_shops,
          bzr_entry_dummy, serial_sigils_hangedman_clutch, uniq_aizul
Elf:3:    minmay_elf_hall_furrowed, layout_loops_ring, serial_shops,
          nicolae_lakefront_shop, serial_sigils, serial_sigils_hangedman_gut,
          serial_sigils_hangedman_shear, serial_sigils_hangedman_gut,
          serial_sigils_hangedman_leer, minivault_26, abandoned_shop,
          uniq_saint_roka
Vaults:1: gammafunk_vaults_ghost_tricky_traps, hangedman_vaults_restitches,
          vaults_dpeg_spiral, vaults_room_fancy_cross,
          nicolae_vaults_network_periphery, nicolae_vaults_border_crossing,
          v_pattern_3, hangedman_vaults_snaps, v_misc_30, vaults_room_pools,
          vaults_dpeg_diagonal, layout_vaults_omnigrid
Vaults:2: biasface_vaults_ghost_orc_armoury, st_cells, v_alt_pattern_5,
          nicolae_vaults_little_squares_4, nicolae_vaults_ring_of_whatevers,
          vaults_room_octagon, ontoclasm_vaults_idyll, ontoclasm_vaults_eye,
          nicolae_vaults_ring_of_whatevers, dpeg_vaults_monster_box,
          layout_vaults_big_room, serial_shops, shop
Vaults:3: v_misc_15, grunt_vaults_funnel, minmay_crypt_entry_simple_plaza,
          nicolae_vaults_windows_and_doors_thing,
          nicolae_vaults_mini_display_case, nicolae_vaults_big_angled_halls,
          vaults_room_boxed, st_smaller_cells, vaults_room_grid,
          ontoclasm_vaults_loading_screen, v_misc_9, vaults_dpeg_hooks,
          ontoclasm_vaults_gateway, grunt_vaults_hallway_short,
          ontoclasm_vaults_shuriken, nicolae_vaults_shelves_hall,
          layout_vaults_omnicross
Vaults:4: nicolae_vaults_little_squares_2, nicolae_vaults_what_the_h, v_misc_9,
          grunt_vaults_focal, vaults_mumra_minichess, hangedman_vaults_stitches,
          v_misc_23, vaults_room_door_ring, hangedman_vaults_corner,
          nicolae_vaults_theta, nicolae_vaults_network_barrier,
          ontoclasm_vaults_hangar, nicolae_vaults_asterisk, vaults_room_pools,
          hangedman_vaults_corner_blocks, layout_vaults_maze
Crypt:1:  layout_misc_corridors
Crypt:2:  ragdoll_tomb_raider, layout_catacombs, evilmike_ambush
          [evilmike_ambush_outer_basic, evilmike_ambush_inner_basic],
          lemuel_upstairs_altar
Crypt:3:  evilmike_haunted_forest, uniq_mara, uniq_frederick

Skill      XL: |  1  2  3  4  5  6  7  8  9 10 11 12 13 14 15 16 17 18 19 20 21 22 23 24 25 |
---------------+----------------------------------------------------------------------------+-----
Conjurations   | 4 5 6 |  6.0
Fire Magic     | 1 2 4 6 |  6.0
Spellcasting   | 3 5 7 9 10 11 | 11.6
Fighting       | 1 5 7 10 11 | 11.8
Armour         | 1 5 7 10 11 | 11.9
Necromancy     | 4 6 8 9 12 13 16 18 20 | 20.0
Shields        | 8 9 15 | 15.0
Earth Magic    | 9 12 14 17 19 20 21 | 21.5
Dodging        | 5 7 |  7.0
Stealth        | 3 |  3.1
Polearms       | 5 8 |  8.0
Transmutations | 9 15 19 20 | 20.0
Ice Magic      | 2 |  2.1

Action                   |  1- 3 |  4- 6 |  7- 9 | 10-12 | 13-15 | 16-18 | 19-21 | 22-24 | 25-27 || total
-------------------------+-------+-------+-------+-------+-------+-------+-------+-------+-------++-------
Melee: Unarmed           |     4 |       |       |       |       |       |       |       |       ||     4
       Dagger            |    15 |       |     4 |     7 |       |       |       |       |       ||    26
       Spear             |       |       |       |    67 |    19 |       |       |       |       ||    86
       Scimitar          |       |       |       |   148 |   184 |       |       |       |       ||   332
       Glaive            |       |       |       |       |   212 |   651 |   472 |   650 |    80 ||  2065
 Fire: Hunting sling     |     3 |    33 |   106 |   227 |    54 |       |       |       |       ||   423
       Arbalest          |       |       |       |       |       |    18 |     6 |       |       ||    24
 Cast: Magic Dart        |    30 |    10 |     5 |     5 |       |       |       |       |       ||    50
       Searing Ray       |     8 |    15 |    72 |    60 |     6 |       |     2 |       |       ||   163
       Foxfire           |       |    12 |     6 |       |       |       |       |       |       ||    18
       Conjure Flame     |       |       |     6 |    36 |    26 |       |     8 |    11 |       ||    87
       Borgnjor's Vile C |       |       |       |    53 |   157 |   167 |   275 |   189 |    15 ||   856
       Dispel Undead     |       |       |       |     6 |    14 |       |     5 |    12 |     3 ||    40
       Sublimation of Bl |       |       |       |    12 |    45 |    28 |    37 |    29 |     2 ||   153
       Vampiric Draining |       |       |       |       |     1 |       |       |       |       ||     1
       Necromutation     |       |       |       |       |       |       |       |    33 |    13 ||    46
Invok: Receive Forbidden |       |       |       |       |     1 |       |       |       |       ||     1
       Renounce Religion |       |       |       |       |     1 |       |       |       |       ||     1
 Abil: Dig               |     1 |     7 |    20 |    62 |    40 |    23 |    23 |     9 |     1 ||   186
       Shaft Self        |       |     1 |       |       |     3 |       |       |       |       ||     4
       End Transformatio |       |       |       |       |       |       |       |     6 |       ||     6
Evoke: Wand              |       |       |       |     4 |       |       |       |       |       ||     4
  Use: Scroll            |       |     3 |     1 |     5 |     8 |     9 |    10 |     2 |     1 ||    39
       Potion            |       |     2 |       |     4 |     8 |     1 |     2 |       |       ||    17
 Stab: Sleeping          |     1 |       |       |       |     2 |    17 |     2 |    11 |     2 ||    35
       Paralysed         |       |       |       |     7 |       |       |       |       |       ||     7
       Distracted        |       |       |       |       |     3 |    22 |    17 |    20 |     2 ||    64
       Fleeing           |       |       |       |       |       |       |     2 |       |       ||     2
Armor: Robe              |     6 |     8 |    16 |    27 |       |       |       |       |       ||    57
       Troll leather arm |       |       |       |    39 |   160 |   138 |   110 |   148 |    27 ||   622
Dodge: Dodged            |    24 |    24 |    21 |   135 |   288 |   340 |   186 |   218 |    32 ||  1268
Block: Kite shield       |       |       |       |   157 |   216 |       |       |       |       ||   373
       Tower shield      |       |       |       |       |   112 |   651 |   464 |   425 |    61 ||  1713
       Rpst.: Scimitar   |       |       |       |    23 |    30 |       |       |       |       ||    53
